 Dungeon Crawl Stone Soup version 0.28-a0-724-g66f9036eb4 (webtiles) character file.

Game seed: 9504121338300821285

252 Mgcat the Skirmisher (level 6, -28/40 HPs)
             Began as a Gargoyle Fighter on Oct 26, 2021.
             Killed from afar by a goblin (42 damage)
             ... with a bolt of acid
             ... on level 4 of the Dungeon.
             The game lasted 00:05:20 (2789 turns).

Mgcat the Skirmisher (Gargoyle Fighter)             Turns: 2789, Time: 00:05:21

Health: -28/40     AC: 13    Str: 21    XL:     6   Next: 14%
Magic:  6/6        EV:  6    Int:  9    God:
Gold:   85         SH:  5    Dex: 15    Spells: 5/5 levels left

rFire   . . .      SeeInvis .   a - +0 war axe
rCold   . . .      Faith    .   c - +0 buckler
rNeg    + . .      Spirit   .   h - +0 plate armour
rPois   ∞          Reflect  .   (no helmet)
rElec   +          Harm     .   (no cloak)
rCorr   .          Rampage  .   b - +0 pair of gloves
Will    .....                   (no boots)
Stlth   ..........              (no amulet)
HPRegen 0.13/turn               m - +6 ring of dexterity
MPRegen 0.10/turn               (no ring)

@: corroded
A: sickness immunity, AC +4, negative energy resistance 1, electricity
resistance, torment resistance 1, petrification resistance
a: no special abilities


You were on level 4 of the Dungeon.
You visited 1 branch of the dungeon, and saw 4 of its levels.

You collected 209 gold pieces.
You spent 124 gold pieces at shops.

Inventory:

Hand Weapons
 a - a +0 war axe (weapon)
Armour
 b - a +0 pair of gloves (worn)
   (You found it on level 1 of the Dungeon)
 c - a +0 buckler (worn)
 h - a +0 plate armour (worn)
   (You found it on level 3 of the Dungeon)
Jewellery
 m - a +6 ring of dexterity (left hand)
   (You found it on level 2 of the Dungeon)
Scrolls
 f - a scroll of identify
 g - a scroll of fear
 k - a scroll of magic mapping {!r}
 l - a scroll of summoning {unknown}
 o - a scroll of teleportation
 p - a scroll of blinking {unknown}
 q - a scroll of enchant weapon {unknown}
 r - a scroll of immolation {unknown}
Potions
 d - a potion of might
 e - 2 potions of degeneration {!q}
 i - a potion of magic
 j - 2 potions of curing
 n - a potion of heal wounds
 s - a potion of brilliance {unknown}


   Skills:
 + Level 4.9 Fighting
 * Level 4.7 Axes
 - Level 3.2 Armour
 - Level 3.2 Shields


You had 5 spell levels left.
You didn't know any spells.
Your spell library contained the following spells:

 Spells                   Type           Power      Damage    Failure   Level
 Gell's Gravitas          Tloc           0%         N/A       100%        3
 Lesser Beckoning         Tloc           0%         N/A       100%        3
 Teleport Other           Tloc           0%         N/A       100%        3
 Dispersal                Tloc           0%         N/A       100%        6


Dungeon Overview and Level Annotations

Branches:
Dungeon (4/15)
 Temple: D:4-7

Altars:
Fedhas

Shops:
D:2 *[?   D:3 *


Innate Abilities, Weirdness & Mutations

You are immune to sickness and miasma.
Your stone body is resilient. (AC +4)
You are immune to poison.
You resist negative energy. (rN+)
You are resistant to electric shocks. (rElec)
You are resistant to unholy torment.
You are immune to petrification.


Message History

There is a stone staircase leading up here.
You see here 12 stones.
As you open the door, it creaks loudly!
There is an open door here.
j - 2 potions of curing (gained 1)
f - a scroll of identify Unknown command.
An endoplasm comes into view.
The endoplasm quivers.
An endoplasm is nearby!
The endoplasm jiggles.
You hit the endoplasm.
The endoplasm is moderately wounded.
You block the endoplasm's attack.
You hit the endoplasm.
You kill the endoplasm!
No target in view!
No target in view!
As you open the door, it creaks loudly!
There is an open door here.
q - a scroll labelled PUHAEV COS PIT You now have 55 gold pieces (gained 10).
Found an escape hatch in the floor.
You now have enough gold to buy 3 scrolls of fog on D:2.
You can access your shopping list by pressing '$'.
You now have 68 gold pieces (gained 13).
Found a stone staircase leading down.
You now have 76 gold pieces (gained 8).
You now have enough gold to buy a scroll of enchant armour on D:2.
You can access your shopping list by pressing '$'.
You now have 85 gold pieces (gained 9).
A kobold comes into view. It is wielding a +0 dagger.
You see here a scroll labelled ZIGOQI ANUJOAR.
r - a scroll labelled ZIGOQI ANUJOAR You block the kobold's attack.
You slash the kobold!
You kill the kobold!
No target in view!
No target in view!
Things that are here:
a +0 dagger; 5 stones; a kobold corpse You open the door.
There is an open door here.
You open the door.
There is an open door here.
You open the door.
Menkaure, Prince of Dust comes into view.
Menkaure shouts!
Spoiler Alert: Menkaure can cast Torment!
Unknown command.
Unknown command.
Unknown command.
Menkaure hits you but does no damage.
There is an open door here.
You barely miss Menkaure. Menkaure barely misses you.
Spoiler Alert: Menkaure can cast Torment!
You hit Menkaure but do no damage. Menkaure hits you!
You take 15 damage, and have 19/34 hp.
MASSIVE DAMAGE!!
You feel very mighty all of a sudden. You block Menkaure's attack.
You slice Menkaure!!
You destroy Menkaure!
You have reached level 6!
Your experience leads to an increase in your attributes!
Your base attributes are Str 20, Int 9, Dex 9.
Increase (s)trength, (i)ntelligence, or (d)exterity?
You feel stronger.
You regained 3 hp, and now have 22/40 hp.
MP restored: 6 You start resting.
You feel a little less mighty now.
You regained 10 hp, and now have 32/40 hp.
You start resting.
HP restored.
You regained 2 hp, and now have 34/40 hp.
You start resting.
HP restored.
Health restored: 40
s - a black potion You open the door.
A goblin comes into view.
It is wielding a +0 dagger and carrying a wand of acid (6).
The goblin shouts!
Found an escape hatch in the ceiling.
There is an open door here.
The goblin completely misses you.
You hit the goblin.
The goblin is heavily wounded.
The goblin zaps a wand.
The bolt of acid hits you!
You take 16 damage, and have 24/40 hp.
MASSIVE DAMAGE!!
You are too injured to fight recklessly!
You closely miss the goblin.
The goblin is heavily wounded.
The goblin zaps a wand.
The bolt of acid hits you! The acid corrodes you!
You take 10 damage, and have 14/40 hp.
MASSIVE DAMAGE!!
You hit the goblin but do no damage.
The goblin is heavily wounded.
You block the goblin's attack.
The goblin zaps a wand.
The bolt of acid hits you!!!
Ouch! That really hurt!
You die...

#. #.# #(
########.#
#.
##......#.#
#.
........#.#
#.
........#.#
#.
........#.#
#.
.......<#.#
#.
......g@'.#
#.
........#.#
#.
........#.#
#.
........#.#
#.
..#######.#
#. . #.# #.
#.# #.#.
#.# #.#.
#.# ..#.


You could see a goblin.

Vanquished Creatures
  Menkaure (D:4)
  A gnoll (D:3)
  5 adders
  4 worms (D:3)
  A dart slug (D:3)
  An orc (D:3)
  7 endoplasms
  2 giant cockroaches (D:2)
  4 goblins
  4 hobgoblins
  7 ball pythons
  6 bats
  9 frilled lizards
  9 kobolds
  8 rats
69 creatures vanquished.

Vanquished Creatures (others)
  19 plants (D:1)
19 creatures vanquished.

Grand Total: 88 creatures vanquished

Notes
Turn   | Place    | Note
-------+----------+-------------------------------------------
     0 | D:1      | Mgcat the Gargoyle Fighter began the quest for the Orb.
     0 | D:1      | Reached XP level 1. HP: 14/14 MP: 1/1
    72 | D:1      | Reached skill level 2 in Axes
   217 | D:1      | Reached XP level 2. HP: 19/19 MP: 2/2
   558 | D:2      | Found a blossoming altar of Fedhas.
   655 | D:2      | Reached XP level 3. HP: 24/24 MP: 3/3
   731 | D:2      | Reached skill level 3 in Axes
   940 | D:2      | Reached skill level 4 in Fighting
   952 | D:2      | Found Vypefeh's General Store.
   958 | D:2      | Bought a scroll of identify for 22 gold pieces
   958 | D:2      | Bought a scroll of magic mapping for 38 gold pieces
  1120 | D:2      | Found Tucru's Antique Armour Emporium.
  1124 | D:2      | Reached XP level 4. HP: 29/29 MP: 4/4
  1150 | D:2      | You fall into a shaft and drop 1 floor!
  1351 | D:3      | Found Mori's Assorted Antiques.
  1360 | D:3      | Bought a scroll labelled TIOGIK JANN for 20 gold pieces
  1637 | D:2      | Found Ydou's Magic Scroll Boutique.
  1644 | D:2      | Bought a scroll of identify for 22 gold pieces
  1644 | D:2      | Bought a scroll of identify for 22 gold pieces
  1790 | D:3      | Reached XP level 5. HP: 30/34 MP: 5/5
  2269 | D:3      | Reached skill level 4 in Axes
  2615 | D:4      | Noticed Menkaure
  2620 | D:4      | Killed Menkaure
  2621 | D:4      | Reached XP level 6. HP: 22/40 MP: 6/6
  2789 | D:4      | Killed from afar by a goblin

Illustrated notes

Levels and vault maps discovered:
D:1:      dpeg_arrival_rooms_b, layout_rooms, serial_bayou_lagoon_a
D:2:      layout_rooms, basic_altar, serial_shops, shop, shop_fountains, shop,
          minmay_quadrilaterals
D:3:      layout_loops_ring, serial_shops, nicolae_shop_stone,
          hangedman_decor_lopped
D:4:      minmay_door_path, layout_basic, minitemple, kennysheep_little_box,
          ebering_ghost_gozag, uniq_menkaure

Skill      XL: |  1  2  3  4  5 |
---------------+----------------+-----
Axes           | 2 3 4 |  4.7
Fighting       | 4 |  4.9
Armour         | |  3.2
Shields        | |  3.2

Action                   |  1- 3 |  4- 6 || total
-------------------------+-------+-------++-------
Melee: War axe           |   142 |    87 ||   229
  Use: Scroll            |       |     6 ||     6
       Potion            |       |     2 ||     2
Armor: Chain mail        |    87 |    43 ||   130
       Scale mail        |    12 |       ||    12
       Plate armour      |       |    12 ||    12
Dodge: Dodged            |    64 |    28 ||    92
Block: Buckler           |    38 |    19 ||    57

Table legend: (Time is in decaauts)
 A = Elapsed time spent in this place.
 B = Non-inter-level travel time spent in this place.
 C = Inter-level travel time spent in this place.
 D = Time resting spent in this place.
 E = Time spent auto-exploring this place.
 F = Levels seen in this place.
 G = Mean time per level.
                   A        B        C        D        E       F      G
               +--------+--------+--------+--------+--------+-----+--------+
         Total |   2880 |   2747 |    133 |    688 |   1430 |   4 |  720.0 |
       Dungeon |   2880 |   2747 |    133 |    688 |   1430 |   4 |  720.0 |
               +--------+--------+--------+--------+--------+-----+--------+

Top non-repeatable levels by time:
     D:2: 996 daAuts
     D:3: 947 daAuts
     D:1: 594 daAuts
     D:4: 342 daAuts

Table legend:
 A = Kills in this place as a percentage of kills in entire the game.
 B = Kills by you in this place as a percentage of kills by you in the entire game.
 C = Kills by friends in this place as a percentage of kills by friends in the entire game.
 D = Other kills in this place as a percentage of other kills in the entire game.
 E = Experience gained in this place as a percentage of experience gained in the entire game.
 F = Experience gained in this place divided by the number of levels of this place that you have seen.
                   A       B       C       D       E      F
               +-------+-------+-------+-------+-------+----------------------
         Total | 100.0 | 100.0 |   N/A |   N/A | 100.0 |  90.2
       Dungeon | 100.0 | 100.0 |   N/A |   N/A | 100.0 |  90.2
               +-------+-------+-------+-------+-------+----------------------
